 Dungeon Crawl Stone Soup version 0.22-a0-354-g30dfbe6 (webtiles) character file.

7116 Amnesiac the Reanimator (level 10, -18/76 HPs)
             Began as a Mummy Necromancer on Apr 16, 2018.
             Was a Priest of Sif Muna.
             Demolished by a two-headed ogre
             ... wielding a +0 giant club
              (26 damage)
             ... on level 9 of the Dungeon.
             The game lasted 00:20:02 (9759 turns).

Amnesiac the Reanimator (Mummy Necromancer)         Turns: 9759, Time: 00:20:03

Health: -18/76     AC:  9    Str: 11    XL:     10   Next: 85%
Magic:  12/24      EV: 15    Int: 18    God:    Sif Muna [***...]
Gold:   211        SH:  5    Dex: 13    Spells: 13/29 levels left

rFire    x . .     SeeInvis .   b - +5 hunting sling (freeze)
rCold    + . .     Gourm    .   y - +0 buckler (curse)
rNeg     + + +     Faith    .   w - +2 robe {MR+}
rPois    ∞         Spirit   .   (no helmet)
rElec    .         Reflect  .   g - +0 cloak
rCorr    .         Harm     .   h - +0 pair of gloves
MR       +++..                  v - +2 pair of boots
Stlth    ++........             (no amulet)
HPRegen  0.22/turn              k - ring of protection from magic
MPRegen  0.19/turn              (no ring)

@: divine energy
A: no food or potions, fire vulnerability, cold resistance 1, negative energy
resistance 3, torment resistance, unbreathing
a: Stop Divine Energy, Channel Magic, Renounce Religion


You were on level 9 of the Dungeon.
You worshipped Sif Muna.
Sif Muna was most pleased with you.
You were not hungry.

You visited 2 branches of the dungeon, and saw 11 of its levels.
You also visited: Sewer.

You collected 451 gold pieces.
You spent 240 gold pieces at shops.

Inventory:

Hand Weapons
 a - a +2 dagger of draining
 b - a +5 hunting sling of freezing (weapon)
 p - a +0 blowgun
Missiles
 d - 272 stones (quivered)
 q - 40 poisoned needles
Armour
 g - a +0 cloak (worn)
 h - a +0 pair of gloves (worn)
 v - a +2 pair of boots (worn)
 w - a +2 robe of magic resistance (worn)
 y - a cursed +0 buckler (worn)
Jewellery
 k - a ring of protection from magic (left hand)
Wands
 r - a wand of random effects (28)
 u - a wand of flame (33)
Scrolls
 f - 4 scrolls of teleportation {!r}
 i - 2 scrolls of amnesia {!r, unknown}
 j - 3 scrolls of noise {!r, unknown}
 l - 5 scrolls of remove curse {!r}
 m - a scroll of immolation {!r, unknown}
 n - 3 scrolls of random uselessness {!r}
 o - 4 scrolls of fear {!r}
 x - a scroll of holy word {!r}


   Skills:
 - Level 6.0 Fighting
 - Level 6.0 Dodging
 - Level 1.5 Stealth
 - Level 4.0 Shields
 + Level 10.3 Spellcasting
 * Level 10.4 Necromancy
 + Level 1.6 Invocations


You had 13 spell levels left.
You knew the following spells:

 Your Spells              Type           Power        Failure   Level  Hunger
a - Pain                  Necr           ####         1%          1    N/A
b - Animate Dead          Necr           N/A          1%          4    N/A
d - Vampiric Draining     Necr           #####.....   1%          3    N/A
e - Mephitic Cloud        Conj/Pois/Air  #.......     22%         3    N/A
s - Conjure Flame         Conj/Fire      #.......     22%         3    N/A
v - Blink                 Tloc           N/A          12%         2    N/A

Dungeon Overview and Level Annotations

Branches:
Dungeon (10/15)            Temple (1/1) D:5
   Lair: D:8-11         Orc: D:9-12

Altars:
Ashenzari
Cheibriados
Dithmenos
Elyvilon
Fedhas
Gozag
Hepliaklqana
Kikubaaqudgha
Makhleb
Nemelex Xobeh
Okawaru
Qazlal
Ru
Sif Muna
Trog
Uskayaw
Vehumet
Wu Jian
Xom
Yredelemnul
Zin
The Shining One

Shops:
D:7 [

Annotations:
D:9 Galewind's ghost, novice DEFE


Innate Abilities, Weirdness & Mutations

You do not eat or drink.
Your flesh is vulnerable to fire.
You are immune to poison.
Your flesh is cold resistant. (rC+)
You are immune to negative energy. (rN+++)
You are immune to unholy pain and torment.
You can survive without breathing.


Message History

Firing (i - inventory)
d - 274 stones (quivered)
Press: ? - help, Shift-Dir - straight line, f/p - two-headed ogre
Aim: a two-headed ogre, wielding a giant club and a giant spiked club You shoot a stone.
The stone hits the two-headed ogre but does no damage.
A sky beast comes into view.
A centaur comes into view.
The centaur shouts!
The two-headed ogre barely misses you. x2; The centaur moves out of view.
The sky beast flickers out of sight!
Deactivating autopickup; reactivate with Ctrl-A.
A sky beast appears from thin air!
Reactivating autopickup.
Firing (i - inventory)
d - 273 stones (quivered)
Press: ? - help, Shift-Dir - straight line, f/p - two-headed ogre
Aim: a two-headed ogre, wielding a giant club and a giant spiked club You shoot a stone.
The stone hits the two-headed ogre.
The stone freezes the two-headed ogre.
The two-headed ogre is lightly wounded.
The two-headed ogre hits you with a giant club!!
The two-headed ogre barely misses you.
Casting: Vampiric Draining (safe; 1% risk of failure)
Confirm with . or Enter, or press ? or * to list all spells.
Aiming: Vampiric Draining (safe; 1% risk of failure)
Press: ? - help, Shift-Dir - straight line, f/p - two-headed ogre
Aim: a two-headed ogre, wielding a giant club and a giant spiked club (lightly wounded)
The two-headed ogre is lightly wounded.
You feel life coursing into your body. The two-headed ogre misses you.
The two-headed ogre hits you with a giant spiked club!!
* * * LOW HITPOINT WARNING * * *
Casting: Vampiric Draining (safe; 1% risk of failure)
Confirm with . or Enter, or press ? or * to list all spells.
Aiming: Vampiric Draining (safe; 1% risk of failure)
Press: ? - help, Shift-Dir - straight line, f/p - two-headed ogre
Aim: a two-headed ogre, wielding a giant club and a giant spiked club (lightly wounded)
The two-headed ogre is moderately wounded.
You feel life coursing into your body.
The two-headed ogre hits you with a giant club!!
* * * LOW HITPOINT WARNING * * *
The two-headed ogre closely misses you.
A steam dragon comes into view.
Casting: Vampiric Draining (safe; 1% risk of failure)
Confirm with . or Enter, or press ? or * to list all spells.
Aiming: Vampiric Draining (safe; 1% risk of failure)
Press: ? - help, Shift-Dir - straight line, f/p - two-headed ogre
Aim: a two-headed ogre, wielding a giant club and a giant spiked club (moderately wounded)
The two-headed ogre is heavily wounded.
You feel life coursing into your body. The steam dragon breathes steam at you.
The ball of steam hits you! The steam scalds you terribly!
* * * LOW HITPOINT WARNING * * *
Unknown command.
Okay, then.
Casting: Vampiric Draining (safe; 1% risk of failure)
Confirm with . or Enter, or press ? or * to list all spells.
Aiming: Vampiric Draining (safe; 1% risk of failure)
Press: ? - help, Shift-Dir - straight line, f/p - two-headed ogre
Aim: a two-headed ogre, wielding a giant club and a giant spiked club (heavily wounded)
The two-headed ogre is severely wounded.
You feel life coursing into your body.
You are engulfed in a cloud of scalding steam.
* * * LOW HITPOINT WARNING * * *
The two-headed ogre hits you with a giant club!!
You die...

......#. #$ ....(c(#.$# ....(.
.o...... .... ##..§..# ......(.
.O##....###... #...Y.###........
.(# .........# #..#............(
.<# #........#######.............
.......#....D#..#..#......#######
..####.# #......#.........#
..###..####...§###....#####
..............§§@Oc..##
........#####.§§§##### ........#
##..## .######## #(.# ##.# ###


You could see a two-headed ogre and a centaur.

Vanquished Creatures
  A hornet (D:7)
  2 hippogriffs (D:8)
  8 spriggans (D:8)
  5 yaks (D:10)
  2 hungry ghosts
  A water moccasin (D:6)
  A black bear (D:8)
  8 sky beasts
  4 ice beasts
  An orc warrior (D:8)
  A phantom (D:5)
  An ogre (D:5)
  A crocodile (Sewer)
  An eye of draining (D:8)
  A centaur (D:7)
  A big kobold (D:7)
  4 bullfrogs
  3 scorpions
  A water moccasin skeleton (D:6)
  A wyvern skeleton (D:8)
  17 killer bees
  2 howler monkeys
  An electric eel (D:9)
  2 crimson imps
  3 hounds
  3 quasits
  4 orc wizards
  A gnoll shaman (D:4)
  A bullfrog skeleton (D:4)
  4 orc priests
  2 centaur skeletons
  2 iguanas
  Jessica (D:2)
  8 worker ants
  A killer bee zombie (D:7)
  8 gnolls
  10 adders
  2 river rats (D:3)
  2 oozes
  An adder zombie (D:8)
  3 worms
  5 dart slugs
  8 leopard geckos
  21 orcs
  6 ball pythons
  6 bats
  4 giant cockroaches
  6 hobgoblins
  8 jackals
  7 kobolds
  3 quokkas
  A frilled lizard (D:5)
  13 goblins
  A jackal skeleton (D:4)
  2 quokka skeletons (D:5)
  A quokka zombie (D:7)
  7 rats
225 creatures vanquished.

Vanquished Creatures (others)
  5 toadstools (D:1)
5 creatures vanquished.

Grand Total: 230 creatures vanquished

Notes
Turn   | Place    | Note
-------+----------+-------------------------------------------
     0 | D:1      | Amnesiac the Mummy Necromancer began the quest for the Orb.
     0 | D:1      | Reached XP level 1. HP: 13/13 MP: 4/4
   285 | D:1      | Reached XP level 2. HP: 18/19 MP: 5/5
   530 | D:1      | Reached XP level 3. HP: 19/25 MP: 0/7
   535 | D:1      | Learned a level 3 spell: Vampiric Draining
  1232 | D:2      | Noticed Jessica
  1245 | D:2      | Killed Jessica
  1245 | D:2      | Reached skill level 1 in Fighting
  1245 | D:2      | Reached XP level 4. HP: 26/32 MP: 6/8
  1255 | D:2      | Learned a level 4 spell: Animate Dead
  2029 | D:3      | Reached skill level 5 in Necromancy
  2029 | D:3      | Reached XP level 5. HP: 29/37 MP: 10/10
  2194 | D:3      | Learned a level 2 spell: Blink
  2328 | D:3      | Found a glowing drain.
  2391 | Sewer    | Entered a sewer
  2610 | Sewer    | Noticed a crocodile
  2620 | Sewer    | Killed a crocodile
  2620 | Sewer    | Reached XP level 6. HP: 34/46 MP: 4/12
  3744 | D:4      | Learned a level 3 spell: Conjure Flame
  3873 | D:4      | Reached XP level 7. HP: 23/52 MP: 10/14
  4025 | D:4      | Got a faintly glowing whip {antimagic}
  4040 | D:4      | Reached skill level 5 in Spellcasting
  4543 | D:5      | Entered Level 5 of the Dungeon
  4550 | D:5      | Learned a level 3 spell: Mephitic Cloud
  4763 | D:5      | Reached skill level 5 in Dodging
  4900 | D:5      | Found a bloodstained altar of Trog.
  5093 | D:5      | Reached XP level 8. HP: 34/60 MP: 15/15
  5406 | D:5      | Found a staircase to the Ecumenical Temple.
  5411 | Temple   | Entered the Ecumenical Temple
  5516 | Temple   | Became a worshipper of Sif Muna the Loreminder
  5840 | D:6      | Found a hazy altar of Hepliaklqana.
  6154 | D:6      | Found an ancient bone altar of Kikubaaqudgha.
  6466 | D:6      | Found a glowing silver altar of Zin.
  6466 | D:6      | Found a shattered altar of Ashenzari.
  6466 | D:6      | Found a blossoming altar of Fedhas.
  6467 | D:6      | Found a hide-covered altar of Uskayaw.
  6467 | D:6      | Found an ornate altar of the Wu Jian Council.
  6467 | D:6      | Found a radiant altar of Vehumet.
  6549 | D:7      | Found Tejilloudo's Antique Armour Shoppe.
  6553 | D:7      | Bought a pair of glowing boots for 240 gold pieces
  6585 | D:7      | Reached skill level 5 in Fighting
  6658 | D:7      | Reached * piety under Sif Muna
  6761 | D:7      | Reached XP level 9. HP: 58/68 MP: 18/18
  7758 | D:8      | Reached ** piety under Sif Muna
  8188 | D:8      | Reached XP level 10. HP: 63/76 MP: 12/22
  8356 | D:8      | Reached skill level 10 in Necromancy
  8380 | D:8      | Reached skill level 1 in Shields
  8992 | D:9      | Noticed Galewind's ghost (novice DEFE)
  9201 | D:9      | Reached *** piety under Sif Muna
  9282 | D:9      | Reached skill level 10 in Spellcasting
  9284 | D:10     | Entered Level 10 of the Dungeon
  9416 | D:10     | Reached skill level 1 in Invocations
  9433 | D:10     | Noticed a gargoyle
  9478 | D:9      | Noticed a two-headed ogre
  9759 | D:9      | Demolished by a two-headed ogre

Vault maps used:
D:1:      ldierk_walled_garden, serial_bayou_crossing
D:2:      uniq_jessica
D:3:      portal_sewer_entry_b
D:4:      first_ration, minmay_bisected
D:5:      marbit_many_paths, minmay_temple_entry_nine_rooms
D:6:      nicolae_overflow_crystal_walls, grunt_temple_overflow_open,
          kiku_gazebo_garden_becter, grunt_decor_cap
D:7:      serial_shops, shop_statue, kennysheep_generic_room_8
D:8:      kb_forest_paths
D:9:      hangedman_cross_cluster, david_nohive_1, nicolae_water_bricks
Temple:   dshaligram_water_room_temple
Sewer:    sewer_the_crocodile

Skill      XL: |  1  2  3  4  5  6  7  8  9 10 |
---------------+-------------------------------+-----
Dodging        | 2 3 4 5 6 |  6.0
Spellcasting   | 3 4 5 6 8 10 | 10.3
Fighting       | 1 2 3 4 5 6 |  6.0
Necromancy     | 5 7 9 10 | 10.4
Shields        | 4 |  4.0
Invocations    | 1 |  1.6
Stealth        | |  1.5

Action                   |  1- 3 |  4- 6 |  7- 9 | 10-12 || total
-------------------------+-------+-------+-------+-------++-------
Melee: Dagger            |       |     4 |       |       ||     4
 Fire: Hunting sling     |    64 |   271 |   637 |   229 ||  1201
 Cast: Pain              |    23 |     8 |     4 |       ||    35
       Vampiric Draining |       |    22 |    84 |    75 ||   181
       Conjure Flame     |       |       |     1 |     3 ||     4
       Mephitic Cloud    |       |       |     1 |       ||     1
       Blink             |       |       |     1 |       ||     1
Invok: Divine Energy     |       |       |     1 |       ||     1
Evoke: Wand              |       |       |     1 |    21 ||    22
  Use: Scroll            |       |     3 |       |    11 ||    14
Armor: Robe              |     7 |    57 |   175 |   150 ||   389
Dodge: Dodged            |    28 |   158 |   461 |   310 ||   957
Block: Buckler           |       |       |       |    65 ||    65

Table legend:
 A = Spawn XP
 B = Non-spawn XP
 C = Spawn XP percentage of total XP
 D = Spawn monster count
 E = Non-spawn monster count
 F = Spawn count percentage of total count
 G = Total turns spent on level
                    A         B        C        D         E        F      G
               +---------+---------+-------+---------+---------+-------+---------
         Total |       0 |   10166 |   0.0 |       0 |     225 |   0.0 |  9759
               +---------+---------+-------+---------+---------+-------+---------
           D:1 |       0 |      58 |   0.0 |       0 |      21 |   0.0 |  1248
           D:2 |       0 |      98 |   0.0 |       0 |      23 |   0.0 |   797
           D:3 |       0 |     327 |   0.0 |       0 |      30 |   0.0 |  1246
           D:4 |       0 |     414 |   0.0 |       0 |      21 |   0.0 |  1044
           D:5 |       0 |     843 |   0.0 |       0 |      19 |   0.0 |  1162
           D:6 |       0 |     645 |   0.0 |       0 |      12 |   0.0 |   768
           D:7 |       0 |    1505 |   0.0 |       0 |      24 |   0.0 |   822
           D:8 |       0 |    3634 |   0.0 |       0 |      38 |   0.0 |  1598
           D:9 |       0 |    1433 |   0.0 |       0 |      25 |   0.0 |   482
          D:10 |       0 |    1088 |   0.0 |       0 |       6 |   0.0 |   194
         Sewer |       0 |     121 |   0.0 |       0 |       6 |   0.0 |   276
               +---------+---------+-------+---------+---------+-------+---------
